 Dungeon Crawl Stone Soup version 0.31-a0-150-g89dc3ad700 (webtiles) character file.

Game seed: 17892165164933735764

127 qw the Shooter (level 5, -2/32 HPs)
             Began as a Gargoyle Hunter on June 8, 2023.
             Slain by a gnoll
             ... wielding a +0 spear
              (6 damage)
             ... on level 3 of the Dungeon.
             The game lasted 00:00:45 (1805 turns).

qw the Shooter (Gargoyle Hunter)                    Turns: 1805, Time: 00:00:46

Health: -2/32      AC:  7    Str: 14    XL:     5   Next: 11%
Magic:  5/5        EV: 11    Int: 10    God:
Gold:   134        SH:  0    Dex: 15    Spells: 4/4 levels left

rFire   . . .        Y - +0 shortbow
rCold   . . .        (shield currently unavailable)
rNeg    + . .        c - +0 leather armour
rPois   inf          (no helmet)
rElec   +            (no cloak)
rCorr   .            (no gloves)
SInv    .            (no boots)
Will    .....        (no amulet)
Stlth   ++           (no ring)
HPRegen 0.25/turn    (no ring)
MPRegen 0.09/turn

%: no passive effects
@: no status effects
A: sickness immunity, AC +4, negative energy resistance 1, electricity
resistance, torment resistance 1, petrification resistance
a: no special abilities


You were on level 3 of the Dungeon.
You visited 1 branch of the dungeon, and saw 3 of its levels.

You collected 134 gold pieces.


Innate Abilities, Weirdness & Mutations

You are immune to sickness and miasma.
Your stone body is resilient. (AC +4)
You are immune to poison.
You resist negative energy. (rN+)
You are resistant to electric shocks. (rElec)
You are resistant to unholy torment.
You are immune to petrification.


   Skills:
 - Level 3.2 Fighting
 + Level 5.8 Ranged Weapons
 - Level 1.5 Dodging
 - Level 1.1 Stealth


You had 4 spell levels left.
You didn't know any spells.
Your spell library was empty.

Inventory:

Hand Weapons
 Y - a +0 shortbow (weapon)
Armour
 c - a +0 leather armour (worn)
Scrolls
 b - 2 scrolls of identify
 f - a scroll of poison {unknown}
 g - a scroll of enchant weapon {unknown}
Potions
 a - a potion of curing
 d - a potion of heal wounds {unknown}
 e - a potion of attraction {unknown}
 h - a potion of brilliance {unknown}
 i - a potion of might {unknown}

Dungeon Overview and Level Annotations

Branches:
Dungeon (3/15)

Altars:


Message History

You shoot an arrow. The arrow hits the gnoll.
The gnoll is moderately wounded.
You shoot an arrow. The arrow hits the gnoll.
The gnoll is severely wounded.
You shoot an arrow. The arrow hits the gnoll.
The gnoll is almost dead.
The gnoll hits you but does no damage.
You shoot an arrow. The arrow barely misses the gnoll.
The gnoll hits you from afar with a +0 spear.
The gnoll barely misses you.
You shoot an arrow. The arrow hits the gnoll.
The gnoll is heavily wounded.
The gnoll hits you but does no damage. The gnoll barely misses you.
The gnoll hits you but does no damage.
You shoot an arrow.
The arrow hits the gnoll but does no damage.
The gnoll is heavily wounded.
The gnoll hits you but does no damage. The gnoll closely misses you.
The gnoll hits you from afar with a +0 spear.
You shoot an arrow.
The arrow hits the gnoll but does no damage.
The gnoll is moderately wounded.
The gnoll hits you from afar with a +0 spear.
The gnoll hits you but does no damage.
You shoot an arrow. The arrow hits the gnoll!
The gnoll is almost dead.
The gnoll hits you with a +0 flail.
The gnoll hits you from afar with a +0 spear.
The gnoll hits you but does no damage.
You shoot an arrow. The arrow closely misses the gnoll.
The gnoll barely misses you. x2
The gnoll hits you from afar with a +0 spear.
A giant cockroach comes into view.
The gnoll hits you but does no damage. The gnoll hits you with a +0 flail.
The gnoll hits you from afar with a +0 spear.
You shoot an arrow.
The arrow hits the gnoll but does no damage.
The gnoll is almost dead.
The gnoll hits you from afar with a +0 spear.
You die...

###..(.#....## ##.....
.........#..## #.#...
.).......#.########.#...
......(..........##.#...
.................##<#...
.................####...
..$..g...........# ####
.....g.g.........#
.......@#........#
.B......#........#
........#........#
........#........#
.########........#
##########


You could see 3 gnolls and a giant cockroach.

Vanquished Creatures
  An orc priest (D:3)
  A gnoll (D:3)
  2 adders (D:2)
  A white imp (D:3)
  2 worms
  3 dart slugs
  3 orcs (D:3)
  3 endoplasms
  3 giant cockroaches
  4 hobgoblins
  4 quokkas
  7 ball pythons
  8 bats
  2 frilled lizards
  3 goblins (D:1)
  4 kobolds
  A rat (D:1)
52 creatures vanquished.

Notes
Turn   | Place    | Note
-------+----------+-------------------------------------------
     0 | D:1      | qw the Gargoyle Hunter began the quest for the Orb.
     0 | D:1      | Reached XP level 1. HP: 12/12 MP: 1/1
     0 | D:1      | 0 ||| qw: Version: 0.2-a-119-g7aa9181
     0 | D:1      | 0 ||| qw: Game counter: 2860
     0 | D:1      | 0 ||| qw: Always use a shield: true
     0 | D:1      | 0 ||| qw: God list: Okawaru
     0 | D:1      | 0 ||| qw: Allow faded altars: false
     0 | D:1      | 0 ||| qw: Do Orc after D:15 true
     0 | D:1      | 0 ||| qw: Do second Lair branch before Depths: true
     0 | D:1      | 0 ||| qw: Lair rune preference: random
     0 | D:1      | 0 ||| qw: Plans: Normal
     0 | D:1      | 0 ||| PLANNING D:1-11
    98 | D:1      | Reached XP level 2. HP: 17/17 MP: 2/2
   440 | D:1      | Reached XP level 3. HP: 20/21 MP: 3/3
   645 | D:1      | 645 ||| READING scroll labelled VEEJILARRE.
   646 | D:1      | 646 ||| DROPPING scroll of butterflies.
   718 | D:2      | Reached skill level 5 in Ranged Weapons
   912 | D:2      | 912 ||| FLEEEEING.
   913 | D:2      | 913 ||| FLEEEEING.
   914 | D:2      | 914 ||| FLEEEEING.
   915 | D:2      | 915 ||| FLEEEEING.
   918 | D:2      | 918 ||| FLEEEEING.
   919 | D:2      | 919 ||| FLEEEEING.
   924 | D:2      | 924 ||| FLEEEEING.
   956 | D:2      | Reached skill level 3 in Fighting
   956 | D:2      | Reached XP level 4. HP: 24/28 MP: 4/4
  1284 | D:2      | 1284 ||| READING scroll labelled EQE ZUFRUF.
  1285 | D:2      | 1285 ||| READING scroll labelled ITUMEI NUOPTAS.
  1286 | D:2      | 1286 ||| READING scroll labelled ORESOBBABUL.
  1287 | D:2      | 1287 ||| DRINKING 2 fuming grey potions.
  1288 | D:2      | 1288 ||| READING 2 scrolls of identify.
  1288 | D:2      | 1288 ||| IDENTIFYING metallic inky potion
  1289 | D:2      | 1289 ||| DROPPING potion of invisibility.
  1794 | D:3      | Reached XP level 5. HP: 32/32 MP: 5/5
  1804 | D:3      | HP: 4/32 [gnoll/+0 spear (6)]
  1805 | D:3      | Slain by a gnoll

Levels and vault maps discovered:
D:1:      tekkud_arrival_beachfront_property, layout_loops_ring
D:2:      layout_loops_ring, minmay_tree_intersection
D:3:      layout_basic, nicolae_figureground_pulse

Skill      XL: |  1  2  3 |
---------------+----------+-----
Ranged Weapons | 5 |  5.8
Fighting       | 3 |  3.2
Dodging        | |  1.5
Stealth        | |  1.1

Action                     |  1- 3 |  4- 6 || total
---------------------------+-------+-------++-------
   Fire: Shortbow          |    97 |    80 ||   177
    Use: Scroll            |     1 |     4 ||     5
         Potion            |       |     1 ||     1
 Armour: Leather armour    |    11 |    11 ||    22
  Dodge: Dodged            |    17 |    13 ||    30

Table legend:
 A = Non-vault XP
 B = Vault XP
 C = Vault XP percentage of total XP
 D = Non-vault monster count
 E = Vault monster count
 F = Vault count percentage of total count
                 A         B        C        D         E       F
            +---------+---------+-------+---------+---------+-------
      Total |     182 |       0 |   0.0 |      52 |       0 |   0.0
            +---------+---------+-------+---------+---------+-------
        D:1 |      36 |       0 |   0.0 |      22 |       0 |   0.0
        D:2 |      55 |       0 |   0.0 |      17 |       0 |   0.0
        D:3 |      91 |       0 |   0.0 |      13 |       0 |   0.0
            +---------+---------+-------+---------+---------+-------
